 Dungeon Crawl Stone Soup version 0.23.1-37-gaa34b87 (webtiles) character file.

Game seed: 2065027457836753578

51 Fang the Skirmisher (level 3, 0/24 HPs)
             Began as a Gargoyle Berserker on Mar 22, 2019.
             Was a Believer of Trog.
             Slain by a hobgoblin
             ... wielding a +0 short sword
              (2 damage)
             ... on level 2 of the Dungeon.
             The game lasted 00:00:50 (855 turns).

Fang the Skirmisher (Gargoyle Berserker)             Turns: 855, Time: 00:00:50

Health: 0/24       AC:  5    Str: 21    XL:     3   Next: 83%
Magic:  3/3        EV: 12    Int:  7    God:    Trog [**....]
Gold:   80         SH:  0    Dex:  9    Spells: 2/2 levels left

rFire    . . .     SeeInvis .   a - +0 hand axe
rCold    . . .     Gourm    .   (no shield)
rNeg     + . .     Faith    .   b - +0 animal skin
rPois    ∞         Spirit   .   (no helmet)
rElec    +         Reflect  .   (no cloak)
rCorr    .         Harm     .   (no gloves)
MR       .....                  (no boots)
Stlth    +.........             (no amulet)
HPRegen  0.08/turn              (no ring)
MPRegen  0.08/turn              (no ring)

@: berserk cooldown, slowed, very slow
A: negative energy resistance 1, electricity resistance, unbreathing,
petrification resistance, rot immunity, AC +3
a: Berserk, Trog's Hand, Renounce Religion


You were on level 2 of the Dungeon.
You worshipped Trog.
Trog was pleased with you.
You were not hungry.

You visited 1 branch of the dungeon, and saw 2 of its levels.

You collected 80 gold pieces.

Inventory:

Hand Weapons
 a - a +0 hand axe (weapon)
Armour
 b - a +0 animal skin (worn)
Jewellery
 i - an uncursed ring of fire {unknown}
Scrolls
 f - a scroll of enchant weapon {unknown}
 h - a scroll of identify {unknown}
 k - a scroll of magic mapping {unknown}
 l - 2 scrolls of remove curse {unknown}
Potions
 e - a potion of haste {unknown}
 g - a potion of might {unknown}
 j - a potion of lignification {unknown}
Comestibles
 c - 2 rations
 d - 11 chunks of flesh


   Skills:
 + Level 3.8 Fighting
 + Level 3.1 Axes
 + Level 2.9 Armour
 + Level 2.1 Dodging


You had 2 spell levels left.
You didn't know any spells.
Your spell library was empty.

Dungeon Overview and Level Annotations

Branches:
Dungeon (2/15)

Altars:


Innate Abilities, Weirdness & Mutations

You are resistant to torment.
Your stone body is resilient. (AC +3)
You are immune to poison.
You resist negative energy. (rN+)
You are resistant to electric shocks. (rElec)
You can survive without breathing.
You are immune to petrification.
You are immune to rotting.


Message History

d - 12 chunks of flesh (gained 1)
You start resting.
Eating one of 12 chunks of flesh.
You eat one of the 12 chunks of flesh.
This raw flesh tastes terrible.
You are no longer berserk.
You are exhausted.
You feel yourself slow down.
You start resting.
A hobgoblin opens the door.
It is wielding a +0 short sword.
A hobgoblin is nearby!
A hobgoblin is nearby!
The hobgoblin moves out of view.
The hobgoblin shouts!
The hobgoblin drinks a potion.
The hobgoblin suddenly seems more agile.
The hobgoblin hits you but does no damage.
You miss the hobgoblin. The hobgoblin closely misses you.
The hobgoblin barely misses you.
You barely miss the hobgoblin.
The hobgoblin hits you with a +0 short sword.
You die...

############ ### #......#..%#
#.# #......#)..# ##. #.#
#..........##..<.
#######.#####.....†..........
...............g@............
#######.......##.....##.#.##.
#......###)##.....# .# #
#......##÷..'.....# #
#......##..##.......
#...÷..+...##....###.
#......###.#####.. #
#........#.# ....
###..###.#.#


You could see a hobgoblin.

Vanquished Creatures
  2 adders (D:2)
  A worm (D:2)
  A dart slug (D:1)
  11 goblins
  2 hobgoblins (D:1)
  A kobold (D:2)
  4 bats
  A frilled lizard (D:1)
  5 rats
28 creatures vanquished.

Notes
Turn   | Place    | Note
-------+----------+-------------------------------------------
     0 | D:1      | Fang the Gargoyle Berserker began the quest for the Orb.
     0 | D:1      | Reached XP level 1. HP: 14/14 MP: 1/1
   189 | D:1      | Reached XP level 2. HP: 19/19 MP: 2/2
   653 | D:2      | Reached XP level 3. HP: 17/24 MP: 3/3
   681 | D:2      | Reached ** piety under Trog
   835 | D:2      | HP: 1/36 [worm (2)]
   855 | D:2      | Slain by a hobgoblin

Skill      XL: |  1  2 |
---------------+-------+-----
Axes           | 3 |  3.1
Dodging        | 2 |  2.1
Fighting       | |  3.8
Armour         | |  2.9

Action                   || total
-------------------------++-------
Melee: Hand axe          ||   102
Invok: Berserk           ||     1
  Eat: Chunk             ||     1
Armor: Animal skin       ||    33
Dodge: Dodged            ||    73
